Map: Royal Blood LE

Players

A.I. 1 (Very Easy) - Winner!

  • Race: Terran Terran
  • Spawn Location: 1:00

Plecto

  • Race: Protoss Protoss
  • League: Master
  • Spawn Location: 7:00

VOD

Have the link to the VOD?

Description

Solid Macro opener for protoss vs terran. Designed to be flexible and secure a fast third base. Blink stalkers shut down any early harassment. In the early midgame take map control with 12 stalkers. Pressure with stalkers or slow down the terran midgame pushes as you slowly grow your colossus count and get your gateways online with charge. Work towards a 4th base and get storm. Do a big attack that hits before 10 minutes.

Time

  • Played on: Jan. 29, 2023, 7:19 p.m.
  • Length: 10:24
Show
View Real Time Build Order
Export as new Build Order

A.I. 1 (Very Easy) Terran - Winner!

Build Orders: Reaper Expand 

Get SALT Encoding   

  12  0:00  SCV  
  13  0:13  SCV  
  14  0:18  Supply Depot  
  14  0:41  Barracks  
  14  1:02  Command Center  
  14  1:28  Marine  
  14  1:29  Supply Depot  
  14  1:30  Orbital Command  
  15  1:35  Refinery  
  15  1:48  Refinery  
  15  1:55  SCV  
  16  2:07  SCV  
  17  2:16  Reaper  
  17  2:19  SCV  
  17  2:21  SCV  
  20  2:31  SCV  
  20  2:35  SCV  
  22  2:43  SCV  
  23  2:49  SCV  
  23  2:50  Refinery  
  24  2:56  Marine, SCV  
  26  3:03  SCV  
  26  3:11  SCV  
  26  3:18  SCV  
  27  3:25  Factory, SCV  
  28  3:37  Marine  
  29  3:48  Refinery  
  29  3:50  SCV  
  30  3:57  SCV  
  30  4:00  Supply Depot  
  31  4:05  SCV  
  32  4:12  SCV  
  32  4:14  Starport  
  33  4:18  Marine  
  33  4:19  SCV  
  35  4:26  SCV  
  36  4:33  SCV  
  36  4:37  Barracks Tech Lab, Supply Depot  
  37  4:40  SCV  
  38  4:47  SCV  
  38  4:52  Starport Tech Lab  
  39  4:55  SCV  
  39  4:59  Marine  
  41  5:02  SCV  
  42  5:09  SCV  
  42  5:10  Raven  
  45  5:16  SCV  
  46  5:40  Marauder  
  48  5:44  Raven  
  48  6:20  Marine  
  46  7:02  Reaper  
  45  7:22  Raven  
  45  7:42  Marine  
  45  8:09  Raven  
  44  8:23  Marine  
  45  8:56  Raven  
  44  9:04  Marauder  
  46  9:41  Raven  
  46  9:44  Marine  
  45  9:48  SCV  
  45  9:51  Supply Depot  
  25  10:03  SCV  
  26  10:16  Command Center  
Show
View Real Time Build Order
Export as new Build Order

Plecto Protoss 

Build Orders: 1 Gate Expand, Blink Stalkers, Colossus Rush 

Get SALT Encoding   

  12  0:00  Probe  
  13  0:12  Probe  
  14  0:17  Pylon  
  14  0:24  Probe (Chrono Boost)  
  16  0:36  Gateway, Probe (Chrono Boost)  
  16  0:43  Probe (Chrono Boost)  
  16  0:45  Assimilator  
  17  0:51  Probe  
  18  1:03  Probe  
  19  1:15  Probe  
  20  1:23  Cybernetics Core  
  20  1:27  Probe  
  21  1:35  Nexus  
  21  1:40  Pylon  
  21  1:44  Probe  
  22  1:49  Assimilator  
  22  1:56  Probe (Chrono Boost)  
  22  1:57  Adept (Chrono Boost)  
  25  2:01  Warp Gate  
  25  2:09  Probe (Chrono Boost)  
  26  2:17  Probe (Chrono Boost)  
  26  2:20  Stalker  
  29  2:23  Probe  
  30  2:31  Twilight Council  
  30  2:35  Probe  
  31  2:47  Probe (Chrono Boost)  
  31  2:50  Stalker  
  35  2:53  Probe (Chrono Boost)  
  35  2:56  Probe (Chrono Boost)  
  36  3:00  Probe (Chrono Boost)  
  36  3:01  Probe (Chrono Boost)  
  36  3:05  Blink (Chrono Boost)  
  39  3:13  Probe (Chrono Boost)  
  39  3:15  Probe (Chrono Boost)  
  39  3:19  Gateway  
  40  3:21  Gateway  
  40  3:25  Probe (Chrono Boost)  
  42  3:27  Probe (Chrono Boost)  
  42  3:30  Probe (Chrono Boost)  
  42  3:31  Pylon  
  43  3:36  Probe  
  45  3:41  Probe  
  45  3:47  Nexus  
  45  3:50  Probe  
  45  3:53  Stalker  
  49  3:55  Probe  
  49  4:00  Pylon  
  49  4:04  Probe  
  49  4:08  Probe  
  51  4:15  Stalker  
  51  4:16  Probe  
  54  4:18  Stalker x2  
  54  4:22  Probe  
  54  4:23  Robotics Facility  
  59  4:26  Pylon  
  59  4:28  Assimilator  
  60  4:31  Probe  
  60  4:32  Assimilator  
  60  4:35  Probe  
  61  4:45  Pylon  
  61  4:46  Stalker x3  
  61  4:49  Probe  
  61  4:50  Probe  
  69  5:02  Probe (Chrono Boost)  
  69  5:03  Probe (Chrono Boost)  
  69  5:06  Probe (Chrono Boost)  
  72  5:12  Probe (Chrono Boost)  
  72  5:13  Stalker x2, Robotics Bay, Observer  
  78  5:16  Probe (Chrono Boost)  
  78  5:18  Probe  
  78  5:19  Stalker  
  82  5:25  Probe  
  82  5:27  Pylon, Probe  
  84  5:31  Probe  
  84  5:34  Charge, Observer  
  86  5:37  Probe  
  86  5:39  Probe  
  88  5:43  Probe  
  88  5:44  Pylon  
  88  5:49  Probe  
  90  5:51  Probe  
  90  5:55  Probe  
  92  5:57  Colossus (Chrono Boost)  
  92  6:01  Probe  
  92  6:03  Probe  
  100  6:07  Extended Thermal Lance  
  100  6:08  Probe  
  101  6:11  Pylon  
  101  6:14  Gateway x2  
  101  6:17  Probe  
  101  6:18  Gateway, Probe  
  103  6:21  Gateway  
  103  6:22  Assimilator, Gateway  
  103  6:23  Probe  
  103  6:24  Assimilator  
  104  6:26  Forge  
  104  6:28  Forge, Pylon  
  104  6:37  Probe x3  
  107  6:40  Colossus (Chrono Boost)  
  107  6:45  Pylon  
  112  6:48  Nexus  
  112  6:52  Probe  
  113  6:54  Protoss Ground Weapons Level 1 (Chrono Boost), Protoss Ground Armor Level 1 (Chrono Boost)  
  113  6:59  Pylon  
  113  7:01  Pylon  
  113  7:05  Zealot x3  
  119  7:10  Shield Battery  
  119  7:11  Zealot x2  
  123  7:19  Templar Archives  
  123  7:20  Probe x3  
  126  7:23  Colossus  
  126  7:26  Zealot  
  126  7:29  Zealot  
  136  7:31  Zealot  
  136  7:35  Zealot x2  
  142  7:41  Zealot x3  
  148  7:50  Shield Battery  
  148  7:54  Pylon  
  148  7:55  Psionic Storm  
  148  7:56  Pylon  
  148  7:57  Pylon  
  148  8:00  High Templar  
  148  8:01  High Templar x2  
  148  8:02  High Templar  
  148  8:04  Zealot x3  
  162  8:17  Pylon, Zealot  
  164  8:26  Gateway  
  164  8:27  Zealot x3  
  164  8:28  Gateway  
  164  8:29  Gateway  
  164  8:31  Gateway  
  170  8:39  High Templar x2, Zealot x2  
  170  8:40  Zealot  
  180  8:43  Archon  
  180  8:45  Pylon  
  180  8:55  Zealot x3  
  182  9:02  High Templar x2  
  190  9:07  Archon  
  190  9:08  Zealot  
  192  9:13  Nexus  
  192  9:16  Pylon  
  192  9:17  Zealot x2  
  192  9:18  High Templar x2  
  192  9:24  Archon  
  200  9:53  Gateway  
  200  9:54  Assimilator  
  200  9:55  Gateway  
  200  9:57  Assimilator, Gateway  
  200  9:58  Robotics Facility  
  200  9:59  Gateway  
  200  10:04  Robotics Facility  
Tags
 
Add a new tag
Caveats
  • Supply blocks, unpowered buildings, or Contaminate may cause inaccurate times.
  • Supply counts are checked every 10 seconds.